 Dungeon Crawl Stone Soup version 0.31.0-11-ge490571c62 (webtiles) character file.

Game seed: 18386966081873231310

2060258 CougarLife the Conqueror (level 27, 245/245 HPs)
             Began as a Minotaur Berserker on Jan 31, 2024.
             Was a High Priest of Trog.
             Escaped with the Orb
             ... and 4 runes on Feb 3, 2024!
             The game lasted 04:43:50 (87950 turns).

CougarLife the Conqueror (Minotaur Berserker)      Turns: 87950, Time: 04:43:51

Health: 245/245    AC: 51    Str: 31    XL:     27
Magic:  17/17      EV: 15    Int:  7    God:    Trog [*****.]
Gold:   6897       SH: 39    Dex: 17    Spells: 26/26 levels left

rFire   + + +        u - +8 broad axe of Urgency {flame, *Noise +Blink rF++ SInv}
rCold   + + .        g - +8 tower shield {AC+3}
rNeg    . . .        e - +9 scales of the Dragon King {rPois rF+ rC+ Will+}
rPois   +            t - +2 hat {Will+}
rElec   +            r - +2 cloak
rCorr   +            O - +2 pair of gloves
SInv    +            k - +0 pair of boots
Will    ++++.        I - amulet of the Ancients {Reflect rF+ SH+5 SInv} Stlth
                     P - ring of Usaeloiv {Fly rElec rCorr Str+3}
HPRegen 0.00/turn    S - ring of protection from cold
MPRegen 0.15/turn

%: reflection
@: flying, inhibited regen, studying Stealth
A: horns 2, retaliatory headbutt, agile 1, frail 1, low MP 2, screaming 1,
inhibited regeneration, subdued magic 1, devolution 1, persistent drain
0: Orb of Zot
}: 4/15 runes: decaying, serpentine, slimy, silver
a: Renounce Religion, Evoke Blink, Berserk, Trog's Hand, Brothers in Arms


You escaped.
You worshipped Trog.
Trog was extremely pleased with you.
You visited 12 branches of the dungeon, and saw 56 of its levels.
You visited the Abyss 1 time.
You also visited: Ossuary.

You collected 9709 gold pieces.
You spent 2812 gold pieces at shops.

Inventory:

Hand Weapons
 u - the +8 broad axe of Urgency (weapon) {flame, *Noise +Blink rF++ SInv}
   (Trog gifted it to you on level 4 of the Vaults)

   rF++:      It greatly protects you from fire.
   SInv:      It lets you see invisible.
   +Blink:    It lets you blink.
   *Noise:    It may make a loud noise when swung.
 x - a +7 antimagic broad axe
Missiles
 w - 9 javelins
 G - 14 boomerangs (quivered)
 Q - 14 silver javelins
 X - 3 throwing nets
 Y - 2 curare-tipped darts
Armour
 e - the +9 scales of the Dragon King (worn) {rPois rF+ rC+ Will+}
   (You found it on level 3 of the Elven Halls)

   rF+:       It protects you from fire.
   rC+:       It protects you from cold.
   rPois:     It protects you from poison Will+: It increases your willpower.
 g - a +8 tower shield of protection (worn)
 k - a +0 pair of boots (worn)
 r - a +2 cloak (worn)
 t - a +2 hat of willpower (worn)
 O - a +2 pair of gloves (worn)
Jewellery
 l - the ring "Hiazi" {Will+ Dex+4}
   (You bought it in a shop on level 2 of the Orcish Mines)

   [ring of willpower]

   Dex+4:     It affects your dexterity (+4).
   Will+:     It increases your willpower.
 n - the ring of the Tortoise {AC+8}
   (You took it off a deep elf death mage on level 3 of the Elven Halls)

   [ring of protection]

   AC+8:      It affects your AC (+8).
 I - the amulet of the Ancients (around neck) {Reflect rF+ SH+5 SInv}
   (You acquired it on level 2 of the Snake Pit)

   [amulet of reflection]

   Reflect:   It reflects blocked missile attacks.
   rF+:       It protects you from fire.
   SInv:      It lets you see invisible.
   SH+5:      It affects your SH (+5).
 K - a ring of positive energy
 N - a ring of resist corrosion
 P - the ring of Usaeloiv (left hand) {Fly rElec rCorr Str+3}
   (You took it off a fire giant on level 5 of the Vaults)

   [ring of flight]

   Str+3:     It affects your strength (+3).
   rElec:     It insulates you from electricity.
   Fly:       It grants you flight.
   rCorr:     It protects you from acid and corrosion.
 S - a ring of protection from cold (right hand)
 W - a ring of protection from fire
Wands
 c - a wand of acid (38)
 o - a wand of flame (153)
 L - a wand of roots (64)
 M - a wand of charming (90)
 T - a wand of digging (14)
Scrolls
 b - 15 scrolls of poison
 d - 3 scrolls of torment
 f - 5 scrolls of blinking
 j - 11 scrolls of vulnerability
 m - 8 scrolls of fear
 p - 3 scrolls of summoning
 y - 12 scrolls of immolation
 A - 6 scrolls of noise
 B - 12 scrolls of teleportation
 F - 10 scrolls of fog
 R - 7 scrolls of silence
 Z - a scroll of revelation
Potions
 a - 3 potions of cancellation
 h - 29 potions of curing
 i - 12 potions of enlightenment
 q - 4 potions of ambrosia
 v - 6 potions of attraction
 z - 3 potions of invisibility
 D - 2 potions of haste
 E - a potion of resistance
 H - 3 potions of lignification
 J - 4 potions of might
 U - 3 potions of heal wounds
 V - 4 potions of berserk rage


   Skills:
 O Level 27 Fighting
 - Level 22.0(22.1) Axes
 - Level 1.1(14.6) Maces & Flails
 + Level 24.4 Throwing
 O Level 27 Armour
 - Level 15.0 Dodging
 O Level 27 Shields


You had 26 spell levels left.
You didn't know any spells.
Your spell library was empty.

Dungeon Overview and Level Annotations

Branches:
Dungeon (15/15)            Temple (1/1) D:5            Lair (5/5) D:11
  Swamp (4/4) Lair:3        Snake (4/4) Lair:2        Slime (5/5) Lair:4
    Orc (2/2) D:11            Elf (3/3) Orc:2        Vaults (5/5) D:14
  Crypt (3/3) Vaults:3       Tomb (0/3) Crypt:3      Depths (4/4) D:15
    Zot (5/5) Depths:4    Ossuary (visited)

Altars:
Ashenzari
Cheibriados
Dithmenos
Elyvilon
Fedhas
Gozag
Hepliaklqana
Kikubaaqudgha
Makhleb
Nemelex Xobeh
Okawaru
Qazlal
Ru
Sif Muna
Trog
Uskayaw
Vehumet
Wu Jian
Xom
Yredelemnul
Zin
The Shining One

Shops:
D:10 =   Orc:2 :=:!   Elf:1 [   Elf:2 *   Snake:2 ?*:*(   Vaults:1 :
Depths:1 =*   Depths:4 :=:

Portals:
Hell: Depths:1 Depths:2 Depths:3 Depths:4
Abyss: Depths:2 Depths:3 Depths:4
Pandemonium: Depths:1 Depths:2
Ziggurat: Depths:4

Annotations:
Lair:5 exclusion: obsidian statue
Zot:4 2 transporters
Zot:5 2 transporters, Livid's ghost, legendary GnAr


Innate Abilities, Weirdness & Mutations

You have a pair of horns on your head.
You reflexively headbutt those who attack you in melee.
You are agile. (Dex +4, Str/Int -1)
You are frail. (-10% HP)
Your magical capacity is very low. (-20% MP)
You occasionally shout uncontrollably at your foes.
You do not regenerate when monsters are visible.
Your spells are a little easier to cast, but a little less powerful.
You have hidden genetic defects.
Your health recovers twice as slowly from being drained.


Message History

You fly upwards.
There is a stone staircase leading down here.
You fly downwards.
There is a stone staircase leading up here.
Your extra speed is starting to run out.
There is a stone staircase leading up here.
You fly upwards.
There is a stone staircase leading down here.
You feel yourself slow down.
There is a stone staircase leading up here.
You fly upwards.
There is a stone staircase leading down here.
Items here: ))) [.
You feel a little less mighty now.
There is an open door, spattered with blood here.
There is an open door here.
There is a stone staircase leading up here.
You fly upwards.
There is a stone staircase leading down here.
There is a stone staircase leading up here.
You fly upwards.
There is a stone staircase leading down here.
You feel yourself speed up.
You feel very mighty all of a sudden.
There is an open door here.
There is a stone staircase leading up here.
You fly upwards.
There is a stone staircase leading down here.
Your library has no spells.
There is a stone staircase leading up here.
You fly upwards.
There is a stone staircase leading down here.
Your extra speed is starting to run out.
There is a stone staircase leading up here.
You fly upwards.
There is a stone staircase leading down here.
You feel yourself slow down.
You feel a little less mighty now.
There is a staircase leading out of the dungeon here.
You have escaped!

####.#####..#############..#
#.......................## ##
##..........##...........# #.
###..........##.........#.## #.
#.....##............##.....# #.
#.....##............##.....# #.
###.......1..................###.
.##............................#.
.....##.........@........##..#.#.
##...##........>.........##..#...
#...........................#.##
#...........................#.#
#......##............##.....#.#
#......##............##.......#
#..##.........##.........##..##
##..#.........##.............#
###.......................##.#


You could see a Hell Sentinel.

Vanquished Creatures
  Dissolution (Slime:3)
  A dread lich (Crypt:3)
  9 orbs of fire
  An ancient lich (Zot:1)
  2 juggernauts (Depths:3)
  Mennas (Vaults:2)
  Sojobo (Crypt:2)
  Bai Suzhen (Crypt:1)
  4 Killer Klowns
  Vashnia (Snake:4)
  2 caustic shrikes (Depths:3)
  Margery (Vaults:2)
  2 curse toes (Zot:4)
  17 golden dragons
  Nikola (Vaults:2)
  A bone dragon (Crypt:3)
  An electric golem (Zot:5)
  2 hellephants
  19 tentacled monstrosities
  6 liches
  The ghost of Miman the Metamorph, an adept OpSh of Wu Jian (Elf:2)
  2 deep elf blademasters
  23 Orb Guardians
  2 deep elf master archers (Elf:3)
  8 quicksilver dragons
  8 sphinxes
  7 titans
  19 acid blobs
  An Executioner (Depths:4)
  Agnes (Snake:4)
  11 death cobs
  7 ancient champions
  3 thorn hunters
  17 shadow dragons
  7 tengu reavers
  17 storm dragons
  9 rockslimes
  4 fenstrider witches
  4 draconian knights
  5 frost giants
  5 protean progenitors
  Aizul (Snake:2)
  11 fire giants
  7 azure jellies
  6 draconian shifters
  A revenant (Crypt:3)
  23 draconian monks
  9 deep elf sorcerers
  20 vault wardens
  7 draconian scorchers
  2 balrugs (Depths:1)
  4 deep elf elementalists
  A curse skull (Crypt:1)
  6 ghost moths
  4 draconian annihilators
  A spriggan defender (Depths:4)
  15 ghouls
  4 caustic shrike skeletons (Crypt:3)
  14 quicksilver oozes
  6 draconian stormcallers
  5 iron dragons
  14 ironbound preservers
  An orc warlord (Vaults:2)
  6 formless jellyfish
  A very ugly thing (Depths:3)
  10 ironbound thunderhulks
  12 stone giants
  4 vampire knights
  19 green draconians
  17 dire elephants
  7 eleionomae
  14 deep elf death magi
  6 deep elf demonologists
  17 black draconians
  16 purple draconians
  5 war gargoyles
  10 white draconians
  Azrael (Elf:1)
  2 bunyips
  7 deep elf annihilators
  11 yellow draconians
  14 spark wasps
  19 red draconians
  5 eidola
  A crystal guardian (Zot:2)
  An acid blob zombie (Crypt:3)
  10 jiangshi
  A merfolk impaler (Depths:2)
  3 merfolk javelineers
  7 yaktaur captains
  10 ettins
  2 entropy weavers
  A quicksilver dragon zombie (D:15)
  7 deep elf high priests
  9 great orbs of eyes
  42 vault guards
  8 fire dragons
  2 rakshasas
  5 salamander tyrants
  15 ice dragons
  2 peacekeepers
  13 hydras
  9 alligators
  3 shambling mangroves (Swamp:4)
  2 radroaches (Zot:1)
  4 centaur warriors
  4 spriggan skeletons (Crypt:3)
  3 hell beasts
  A catoblepas (D:13)
  A quicksilver dragon skeleton (Crypt:3)
  6 spriggan air magi
  3 ghost crabs (Swamp:1)
  9 ogre magi
  7 anacondas
  7 ironbound frosthearts
  24 two-headed ogres
  4 boulder beetles
  A death knight (Crypt:2)
  10 naga sharpshooters
  9 naga warriors
  5 tengu warriors
  6 deep troll shamans
  4 hell hogs (Depths:2)
  2 occultists (Depths:4)
  A quicksilver ooze zombie (Crypt:1)
  36 dancing weapons
  9 deep troll earth magi
  4 vampire magi
  2 death yaks (Lair:3)
  3 titan skeletons (Crypt:3)
  4 spriggan berserkers
  3 hell knights
  7 shock serpents
  2 soul eaters
  14 deep elf knights
  4 sun demons (Depths:1)
  2 shadow wraiths (Crypt:3)
  10 salamander mystics
  Nergalle (D:11)
  10 iron trolls
  3 skysharks (Zot:1)
  3 sixfirhies
  36 skeletal warriors
  8 goliath frogs
  A bunyip zombie (Crypt:2)
  4 death drakes
  17 mana vipers
  A storm dragon skeleton (Crypt:3)
  43 deep trolls
  8 spriggan druids
  A golden dragon skeleton (Crypt:3)
  5 naga ritualists
  A spectral anaconda (Lair:5)
  4 flayed ghosts
  7 bog bodies
  4 swamp dragons (Swamp:3)
  4 glowing orange brains
  4 arcanists
  10 necromancers
  A swamp dragon (shapeshifter) (Vaults:5)
  2 obsidian statues
  13 ironbound convokers
  23 lindwurms
  11 deep elf archers
  6 harpies
  A bunyip skeleton (Crypt:3)
  39 deep elf zephyrmancers
  2 frost giant zombies
  9 phantasmal warriors
  An anaconda skeleton (Crypt:3)
  26 deep elf pyromancers
  A goliath frog zombie (Crypt:1)
  6 orc knights
  An eleionoma zombie (Crypt:2)
  2 wolf spiders (Lair:5)
  4 orc sorcerers
  4 will-o-the-wisps
  An ugly thing (shapeshifter) (Vaults:1)
  6 cyclopes
  4 manticores
  5 shining eyes
  23 ugly things
  Maurice (D:9)
  A draconian skeleton (Crypt:1)
  A stone giant skeleton (Vaults:4)
  An alligator skeleton (Crypt:3)
  34 salamanders
  11 guardian serpents
  11 naga magi
  19 moths of wrath
  20 vault sentinels
  2 kobold blastminers (Orc:1)
  An eleionoma skeleton (Crypt:2)
  23 elephants
  33 black mambas
  A moth of wrath (shapeshifter) (Depths:4)
  A human skeleton (Vaults:4)
  2 smoke demons (Swamp:4)
  A torpor snail (Lair:3)
  8 cane toads
  4 eyes of devastation
  A human zombie (Vaults:4)
  2 gargoyles
  A shock serpent skeleton (Crypt:2)
  2 water nymphs (Zot:3)
  5 orange demons (Swamp:4)
  A black draconian zombie (Crypt:2)
  2 dire elephant skeletons
  2 efreet (D:14)
  A rime drake (Lair:2)
  A hellion (Zot:5)
  3 large abominations
  A naga skeleton (Crypt:3)
  A sea snake zombie (Crypt:3)
  2 tengu conjurers
  6 freezing wraiths
  11 komodo dragons
  2 alligator snapping turtle skeletons
  A yaktaur skeleton (Vaults:4)
  19 yaktaurs
  An elf zombie (Vaults:4)
  A guardian mummy (Zot:1)
  An anaconda simulacrum (Crypt:1)
  A great orb of eyes zombie (Crypt:2)
  Psyche (D:9)
  A troll (shapeshifter) (D:14)
  2 bloated husks (Swamp:1)
  4 hellwings (Swamp:4)
  6 trolls
  3 harpy skeletons
  8 tyrant leeches
  3 polar bears
  26 blink frogs
  20 hornets
  A culicivora zombie (Crypt:3)
  A spectral elephant (Lair:5)
  An ettin zombie (Vaults:4)
  3 glass eyes
  6 dream sheep
  136 slime creatures
  A shadow (D:9)
  A spriggan (shapeshifter) (D:12)
  A spriggan zombie (D:15)
  4 wraiths
  A centaur simulacrum (D:12)
  4 air elementals
  An ettin skeleton (Vaults:4)
  19 spriggans
  Sigmund (D:5)
  A dire elephant simulacrum (Lair:5)
  22 water elementals
  56 yaks
  2 vampires
  2 fire elementals (Elf:1)
  7 basilisks
  A slime creature zombie (Crypt:1)
  3 steam dragons
  A golden eye (shapeshifter) (Vaults:5)
  9 humans
  6 wyverns
  14 golden eyes
  16 vampire mosquitoes
  3 wargs
  2 death yak simulacra (Lair:5)
  22 swamp worms
  2 chaos spawn (Swamp:4)
  A human simulacrum (Vaults:4)
  A spectral cane toad (Lair:5)
  5 acid dragons
  11 water moccasins
  40 nagas
  7 hell hounds
  3 black bears
  12 orc warriors
  4 ice beasts
  A deep troll skeleton (Crypt:1)
  A sky beast (D:6)
  2 elephant zombies (Lair:5)
  A cane toad skeleton (Crypt:1)
  A sky beast (shapeshifter) (D:12)
  4 swamp drakes
  7 laughing skulls (Crypt:3)
  5 boggarts
  19 wolves
  A centaur (D:5)
  34 ogres
  A phantom (D:6)
  A rime drake zombie (Crypt:3)
  13 bullfrogs
  3 necrophages
  A gnoll sergeant (D:9)
  A warg zombie (Crypt:3)
  A komodo dragon skeleton (Crypt:1)
  A cane toad simulacrum (Lair:5)
  3 scorpions
  4 earth elementals
  3 water moccasin zombies (Ossuary)
  25 wights
  A burial acolyte (Ossuary)
  2 elephant simulacra (Lair:5)
  5 killer bees
  3 electric eels
  2 howler monkeys (D:8)
  3 bombardier beetles
  2 spectral scorpions (Ossuary)
  A gnoll bouda (D:8)
  19 orc priests
  Crazy Yiuf (D:2)
  7 hounds
  An iguana (D:6)
  Terence (D:3)
  28 orc wizards
  A sleepcap (D:6)
  A crocodile zombie (Ossuary)
  A hound zombie (Crypt:2)
  2 mummies (Ossuary)
  Robin (D:3)
  8 adders
  11 gnolls
  A shadow imp (D:5)
  2 white imps (D:7)
  6 ufetubi
  4 adder zombies (Ossuary)
  A ribbon worm (D:4)
  3 dart slugs
  65 orcs
  6 endoplasms
  2 giant cockroaches
  17 goblins
  8 hobgoblins
  2 jackals (D:9)
  4 quokkas
  9 ball pythons
  5 bats
  An endoplasm zombie (Crypt:3)
  4 frilled lizards
  11 gnoll zombies (Ossuary)
  3 jackal zombies (Ossuary)
  4 kobolds
  A kobold skeleton (Crypt:2)
  2 orc zombies (Ossuary)
  6 rats
  An aspiring flesh (Zot:3)
2483 creatures vanquished.

Vanquished Creatures (collateral kills)
  the Royal Jelly (Slime:5)
  2 rockslimes (Slime:5)
  A yellow draconian skeleton (Crypt:2)
4 creatures vanquished.

Vanquished Creatures (others)
  A tentacled monstrosity (Zot:2)
  A ghoul (Crypt:2)
  A war gargoyle (Vaults:2)
  An occultist (Depths:1)
  A deep elf knight (Elf:2)
  2 deep elf pyromancers
  2 bloated husks (Swamp:1)
  2 golden eyes (Slime:2)
  A two-headed ogre skeleton (Crypt:1)
  A black bear skeleton (Crypt:1)
  16 foxfires
29 creatures vanquished.

Grand Total: 2516 creatures vanquished

Notes
Turn   | Place    | Note
-------+----------+-------------------------------------------
     0 | D:1      | CougarLife the Minotaur Berserker began the quest for the
                  | Orb.
     0 | D:1      | Reached XP level 1. HP: 19/19 MP: 0/0
   205 | D:1      | Reached XP level 2. HP: 27/27 MP: 1/1
   386 | D:1      | Found a faded altar of an unknown god.
   937 | D:2      | Reached XP level 3. HP: 33/33 MP: 2/2
   982 | D:2      | Reached ** piety under Trog
  1150 | D:2      | Reached skill level 5 in Axes
  1325 | D:2      | Found a runed translucent door.
  1328 | D:2      | Noticed Crazy Yiuf
  1330 | D:2      | Identified the +4 hammer "Elyohaol" {speed, rElec Stlth+}
  1340 | D:2      | Identified the +3 hammer "Goonk" {vamp, Int+3 Dex+3}
  1343 | D:2      | Identified the +2 hammer of the Mind {venom, rF++ Int+5}
  1374 | D:2      | Killed Crazy Yiuf
  1375 | D:2      | Reached XP level 4. HP: 41/41 MP: 3/3
  1617 | D:3      | Noticed Robin
  1640 | D:3      | Killed Robin
  1835 | D:3      | Noticed Terence
  1844 | D:3      | Killed Terence
  1845 | D:3      | Reached skill level 5 in Fighting
  1845 | D:3      | Reached XP level 5. HP: 48/48 MP: 4/4
  2022 | D:3      | Found a broken altar of Ashenzari.
  2607 | D:4      | Reached XP level 6. HP: 56/56 MP: 5/5
  2611 | D:4      | Found a sacrificial altar of Ru.
  2653 | D:4      | Found a sand-covered staircase.
  2658 | Ossuary  | Entered an ossuary
  2666 | Ossuary  | Reached *** piety under Trog
  2792 | Ossuary  | Reached XP level 7. HP: 64/64 MP: 6/6
  2964 | D:4      | Found a radiant altar of Vehumet.
  3524 | D:4      | Found a blossoming altar of Fedhas.
  3588 | D:5      | Entered Level 5 of the Dungeon
  3636 | D:5      | Found a staircase to the Ecumenical Temple.
  3655 | D:5      | Noticed Sigmund
  3663 | D:5      | Killed Sigmund
  3664 | D:5      | Reached XP level 8. HP: 73/73 MP: 7/7
  3677 | Temple   | Entered the Ecumenical Temple
  3792 | D:5      | Reached skill level 10 in Axes
  3873 | D:5      | Reached **** piety under Trog
  3947 | D:5      | Identified the +6 chain mail "Pupnir" {*Corrode +Inv Fly
                  | rPois}
  3965 | D:5      | Reached skill level 5 in Armour
  4473 | D:6      | Found an ornate altar of the Wu Jian Council.
  4643 | D:6      | Reached XP level 9. HP: 81/81 MP: 8/8
  4946 | D:6      | Noticed a cyclops
  4955 | D:6      | Reached skill level 5 in Dodging
  4971 | D:6      | Killed a cyclops
  5613 | D:7      | Found an opulent altar of Gozag.
  5923 | D:7      | Reached ***** piety under Trog
  6098 | D:8      | Noticed a two-headed ogre
  6109 | D:8      | Killed a two-headed ogre
  6110 | D:8      | Reached XP level 10. HP: 88/88 MP: 9/9
  6644 | D:8      | Paralysed by a hornet for 3 turns
  6651 | D:8      | Paralysed by a hornet for 2 turns
  6656 | D:8      | HP: 6/132 [poisoned by a hornet]
  6658 | D:8      | HP: 1/88 [poisoned by a hornet]
  6922 | D:8      | Identified the +6 glaive of the Vulture {chaos, rElec}
  7133 | D:9      | Found a white marble altar of Elyvilon.
  7133 | D:9      | Found an iron altar of Okawaru.
  7167 | D:9      | Reached skill level 1 in Shields
  7186 | D:9      | Found a glowing golden altar of the Shining One.
  7202 | D:9      | Noticed a two-headed ogre
  7224 | D:9      | Killed a two-headed ogre
  7386 | D:9      | Received a gift from Trog
  7398 | D:9      | Reached skill level 5 in Shields
  7410 | D:9      | Reached XP level 11. HP: 94/94 MP: 10/10
  7461 | D:9      | Noticed Psyche
  7472 | D:9      | Killed Psyche
  7654 | D:9      | Noticed Maurice
  7664 | D:9      | Killed Maurice
  7872 | D:9      | Found a hide-covered altar of Uskayaw.
  8001 | D:10     | Entered Level 10 of the Dungeon
  8179 | D:10     | Found Baedghenk's Jewellery Emporium.
  8290 | D:10     | Identified the +6 mace of the Shining Light {flame, Int+3}
  8327 | D:10     | Noticed a two-headed ogre
  8335 | D:10     | Killed a two-headed ogre
  8451 | D:10     | Identified the +4 broad axe of Plunder {venom, Int+5 Dex+2}
  8812 | D:11     | Noticed a purple ugly thing
  8815 | D:11     | Noticed a five-headed hydra
  8978 | D:11     | Noticed Nergalle
  8993 | D:11     | Killed Nergalle
  9154 | D:11     | Noticed a two-headed ogre
  9180 | D:11     | Killed a two-headed ogre
  9181 | D:11     | Reached skill level 10 in Shields
  9246 | D:11     | Found a staircase to the Lair.
  9483 | D:11     | Noticed a boulder beetle
  9509 | D:11     | Killed a boulder beetle
  9627 | D:11     | Reached XP level 12. HP: 98/106 MP: 11/11
  9720 | D:11     | Noticed a two-headed ogre
  9730 | D:11     | Killed a two-headed ogre
  9731 | D:11     | Reached skill level 10 in Fighting
  9932 | D:11     | Killed a five-headed hydra
  9953 | D:11     | Reached skill level 10 in Armour
 10039 | D:11     | Found a staircase to the Orcish Mines.
 10190 | Lair:1   | Entered Level 1 of the Lair of Beasts
 10958 | Lair:1   | Reached skill level 10 in Dodging
 11523 | Lair:2   | Reached skill level 15 in Axes
 11552 | Lair:2   | Noticed a seven-headed hydra
 11561 | Lair:2   | Killed a seven-headed hydra
 11562 | Lair:2   | Reached XP level 13. HP: 106/117 MP: 12/12
 11583 | Lair:2   | Found a staircase to the Snake Pit.
 12372 | Lair:3   | Reached skill level 1 in Throwing
 12576 | Lair:3   | Noticed an eleionoma
 12591 | Lair:3   | Killed an eleionoma
 12702 | Lair:3   | Found a staircase to the Swamp.
 12853 | Lair:3   | Reached skill level 5 in Throwing
 13504 | Lair:3   | Identified the +4 battleaxe of the Secret Suns {heavy,
                  | rElec} (Trog gifted it to you on level 3 of the Lair of
                  | Beasts)
 13504 | Lair:3   | Received a gift from Trog
 14296 | Lair:4   | Found a staircase to the Slime Pits.
 14419 | Lair:4   | Identified the +9 falchion of Okawaru's Outrage {protect,
                  | Dex+2}
 14812 | Lair:5   | Entered Level 5 of the Lair of Beasts
 14902 | Lair:4   | Reached XP level 14. HP: 82/125 MP: 13/13
 16420 | Lair:5   | Reached ****** piety under Trog
 16429 | Lair:5   | Reached skill level 10 in Throwing
 18272 | D:12     | Identified the +1 robe of Zyfema {Str-5 Int+5 Slay+5}
 18272 | D:12     | Identified the ring "Tutzehez" {Will- Str+6 Dex+7}
 18952 | D:12     | Identified the +4 war axe of the Dwarven Hall {heavy,
                  | ^Drain Str+4 Dex+2} (Trog gifted it to you on level 12 of
                  | the Dungeon)
 18952 | D:12     | Received a gift from Trog
 19374 | Orc:1    | Entered Level 1 of the Orcish Mines
 19662 | Orc:2    | Entered Level 2 of the Orcish Mines
 19665 | Orc:2    | Found Hebyopou's Book Shoppe.
 19665 | Orc:2    | Found Xywkiku's Book Shop.
 19665 | Orc:2    | Found Woluobre's Distillery.
 19665 | Orc:2    | Found Yjon's Jewellery Shoppe.
 19670 | Orc:2    | Reached XP level 15. HP: 125/135 MP: 14/14
 19845 | Orc:2    | Found a staircase to the Elven Halls.
 19882 | Orc:2    | Reached skill level 15 in Armour
 19901 | Orc:2    | Received a gift from Trog
 20070 | Orc:2    | Bought a potion of mutation for 112 gold pieces
 20070 | Orc:2    | Bought a potion of ambrosia for 112 gold pieces
 20070 | Orc:2    | Bought a potion of might for 56 gold pieces
 20070 | Orc:2    | Bought a potion of might for 56 gold pieces
 20070 | Orc:2    | Bought a potion of mutation for 112 gold pieces
 20070 | Orc:2    | Bought a potion of heal wounds for 70 gold pieces
 20070 | Orc:2    | Bought a potion of berserk rage for 70 gold pieces
 20075 | Orc:2    | Bought the ring "Hiazi" {Will+ Dex+4} for 727 gold pieces
 22256 | D:14     | Found a gate to the Vaults.
 22576 | D:14     | Received a gift from Trog
 22976 | D:14     | Found an opulent altar of Gozag.
 23215 | D:15     | Entered Level 15 of the Dungeon
 23222 | D:15     | Identified the +2 robe of Purpose {rC- Str+4 Stlth+
                  | Archmagi}
 23242 | D:15     | Found a staircase to the Depths.
 23492 | D:15     | Reached skill level 15 in Fighting
 23916 | D:15     | Reached XP level 16. HP: 149/149 MP: 15/15
 24018 | D:15     | Identified the +10 orcbow of Watchfulness {flame, Will+
                  | Str+3 Dex+5}
 24780 | Swamp:1  | Entered Level 1 of the Swamp
 24785 | Swamp:1  | Found a sacrificial altar of Ru.
 25241 | Swamp:1  | Identified the ring of Muaggow {*Corrode rF+++ rN+++ Will+
                  | SInv}
 25243 | Swamp:1  | Received a gift from Trog
 25314 | Swamp:1  | You fall into a shaft and drop 1 floor!
 25369 | Swamp:2  | Noticed a thorn hunter
 26512 | Swamp:2  | Reached skill level 15 in Shields
 26724 | Swamp:2  | Killed a thorn hunter
 27386 | Swamp:3  | Found the +10 Black Knight's barding {ponderous, rPois rN+}
 27470 | Swamp:2  | Received a gift from Trog
 28415 | Swamp:4  | Entered Level 4 of the Swamp
 28475 | Swamp:4  | Noticed a thorn hunter
 28571 | Swamp:4  | Killed a thorn hunter
 28667 | Swamp:4  | Reached XP level 17. HP: 127/156 MP: 16/16
 29886 | Swamp:4  | Paralysed by a fenstrider witch for 4 turns
 29914 | Swamp:4  | Received a gift from Trog
 30401 | Swamp:4  | Got a decaying rune of Zot
 30593 | Snake:1  | Entered Level 1 of the Snake Pit
 32243 | Snake:2  | Found Mumant's Magic Scroll Boutique.
 32344 | Snake:2  | Identified the serpent talisman "Gutugiv" {rF+ rN+ Str-4
                  | Stlth+}
 32344 | Snake:2  | Noticed Aizul
 32364 | Snake:2  | Killed Aizul
 32369 | Snake:2  | Received a gift from Trog
 32476 | Snake:2  | Found Imytevaniv's Book Shoppe.
 32479 | Snake:2  | Found Kashein's Weapon Emporium.
 32479 | Snake:2  | Found Nuifruun's General Store.
 32503 | Snake:2  | Found Dejanief's General Store.
 32511 | Snake:2  | Bought a potion of heal wounds for 85 gold pieces
 32557 | Snake:2  | Reached skill level 15 in Dodging
 33175 | Snake:2  | Bought a scroll of acquirement for 832 gold pieces
 33175 | Snake:2  | Acquired the amulet of the Ancients {Reflect rF+ SH+5 SInv}
 33679 | Snake:3  | Reached XP level 18. HP: 145/168 MP: 17/17
 35043 | Snake:4  | Entered Level 4 of the Snake Pit
 35043 | Snake:4  | Noticed Vashnia
 35260 | Snake:4  | Identified the +2 broad axe of the Other Side {heavy,
                  | ^Drain rC++ Str+3 Stlth+} (Trog gifted it to you on level 4
                  | of the Snake Pit)
 35260 | Snake:4  | Received a gift from Trog
 35336 | Snake:4  | Noticed Agnes
 35345 | Snake:4  | Killed Agnes
 35693 | Snake:4  | Killed Vashnia
 36964 | Snake:4  | Got a serpentine rune of Zot
 37297 | Elf:1    | Entered Level 1 of the Elven Halls
 37311 | Orc:2    | Received a gift from Trog
 37741 | Elf:1    | Noticed Azrael
 37766 | Elf:1    | Killed Azrael
 38830 | Elf:1    | Found Waoroagh's Armour Boutique.
 38837 | Elf:1    | Reached XP level 19. HP: 181/181 MP: 18/18
 39205 | Elf:2    | Found a runed translucent gate.
 39205 | Elf:2    | Found a runed translucent gate.
 39206 | Elf:2    | Found a runed translucent gate.
 39283 | Elf:2    | Paralysed by an air elemental for 1 turns
 40027 | Elf:2    | Paralysed by an air elemental for 1 turns
 40168 | Elf:2    | Found a runed translucent gate.
 40168 | Elf:2    | Found a runed translucent gate.
 40168 | Elf:2    | Found a runed translucent gate.
 40169 | Elf:2    | Found an opulent altar of Gozag.
 40170 | Elf:2    | Found Egeawa's Assorted Antiques.
 40170 | Elf:2    | Noticed Miman's ghost (adept OpSh)
 40356 | Elf:3    | Entered Level 3 of the Elven Halls
 40372 | Elf:2    | Received a gift from Trog
 40610 | Elf:3    | Identified the +1 falchion of Nojuem {heavy, Will+ MP+9}
 41093 | Abyss:4  | Noticed a hellephant
 41093 | Abyss:4  | Cast into level 4 of the Abyss (a deep elf sorcerer)
 41126 | Elf:3    | Escaped the Abyss
 41396 | Elf:3    | Received a gift from Trog
 41438 | Elf:3    | Paralysed by an air elemental for 1 turns
 41471 | Elf:3    | Identified the +4 falchion "Wuvaacet" {flame, rN++}
 41502 | Elf:3    | Identified the +3 long sword of the Destroying Gods {drain,
                  | ^Drain rElec rC+ Dex+4}
 41537 | Elf:3    | Identified the +1 war axe of Disaster {pain, rF+ rN+ rCorr
                  | Int+2}
 41956 | Elf:3    | Paralysed by an air elemental for 1 turns
 41961 | Elf:3    | Paralysed by an air elemental for 1 turns
 41971 | Elf:3    | Noticed a Brimstone Fiend
 42367 | Elf:3    | Identified the staff of the Charming Owl {rF++ rN+ Int-5
                  | Necro Fire}
 42373 | Elf:3    | Identified the +1 plate armour "Roucvyfi" {rC+}
 42411 | Elf:3    | Found the +9 scales of the Dragon King {rPois rF+ rC+
                  | Will+}
 42539 | Elf:3    | Identified the staff of Fosualar {rN+ Will++ MP+9 Str+2
                  | Dex+2 Necro}
 43142 | Elf:2    | Received a gift from Trog
 43159 | Elf:2    | Reached XP level 20. HP: 158/194 MP: 19/19
 43326 | Elf:2    | Identified the blade talisman of Cheibriados's Outrage
                  | {Slay+2}
 43535 | Elf:2    | Killed Miman's ghost
 43667 | Elf:2    | Bought a potion of haste for 340 gold pieces
 43890 | Vaults:1 | Entered Level 1 of the Vaults
 44213 | Vaults:1 | Identified the +6 hand axe "Mianix" {flame, rCorr} (Trog
                  | gifted it to you on level 1 of the Vaults)
 44213 | Vaults:1 | Received a gift from Trog
 44617 | Vaults:1 | Received a gift from Trog
 44793 | Vaults:1 | Found Ilomp's Book Emporium.
 44982 | Vaults:1 | Identified the +0 acid dragon scales "Oczemuf" {Regen+
                  | rCorr Int+3 Dex-2}
 45351 | Vaults:2 | Noticed Mennas
 45387 | Vaults:2 | Killed Mennas
 45501 | Vaults:2 | Noticed Nikola
 45518 | Vaults:2 | Killed Nikola
 45597 | Vaults:2 | Reached skill level 15 in Throwing
 45988 | Vaults:2 | Received a gift from Trog
 46623 | Vaults:2 | Reached XP level 21. HP: 206/206 MP: 20/20
 46684 | Vaults:2 | Noticed Margery
 46695 | Vaults:2 | Killed Margery
 46698 | Vaults:2 | Received a gift from Trog
 47786 | Vaults:3 | Found a staircase to the Crypt.
 48502 | Vaults:4 | Received a gift from Trog
 49289 | Vaults:4 | Identified the +8 broad axe of Urgency {flame, *Noise
                  | +Blink rF++ SInv} (Trog gifted it to you on level 4 of the
                  | Vaults)
 49289 | Vaults:4 | Received a gift from Trog
 50371 | Crypt:1  | Entered Level 1 of the Crypt
 50867 | Crypt:1  | Noticed Bai Suzhen
 51120 | Crypt:1  | Killed Bai Suzhen
 51737 | Crypt:1  | Received a gift from Trog
 52060 | Crypt:2  | Noticed Sojobo
 52092 | Crypt:2  | Paralysed by an air elemental for 1 turns
 52344 | Crypt:2  | Reached XP level 22. HP: 176/206 MP: 21/21
 52626 | Crypt:2  | Identified the amulet "Codueny" {Acrobat Dex+3}
 52649 | Crypt:2  | Paralysed by an air elemental for 1 turns
 52656 | Crypt:2  | Killed Sojobo
 53822 | Crypt:3  | Entered Level 3 of the Crypt
 53860 | Crypt:3  | Found a staircase to the Tomb.
 54382 | Crypt:3  | Identified the staff "Orb Guardian's Doom" {rF+ MP+9 Dex+4
                  | Fire}
 54582 | Crypt:3  | Received a gift from Trog
 55258 | Crypt:3  | Identified the +6 quarterstaff of Roufeiv {flame, Dex+2}
 55323 | Crypt:3  | Noticed a dread lich
 55334 | Crypt:3  | Killed a dread lich
 55927 | Depths:1 | Entered Level 1 of the Depths
 56095 | Depths:1 | Found Aeofas's Alliterative Armaments.
 56137 | Depths:1 | Received a gift from Trog
 56513 | Depths:1 | Found a one-way gate leading to the halls of Pandemonium.
 56543 | Depths:1 | Found a gateway to Hell.
 56568 | Depths:1 | Found Qesuoq's Jewellery Shoppe.
 56731 | Depths:1 | Found a shimmering altar of Xom.
 57125 | Depths:2 | Found a one-way gate to the infinite horrors of the Abyss.
 57230 | Depths:2 | Noticed a golden dragon
 57614 | Depths:2 | Found a broken altar of Ashenzari.
 57922 | Depths:2 | Reached XP level 23. HP: 229/232 MP: 22/22
 58259 | Depths:2 | Received a gift from Trog
 58606 | Depths:2 | Identified the +7 dagger "Quyg" {flame, rF- rN+ Will+
                  | Str+2}
 58607 | Depths:2 | Identified the amulet "Poemuch" {Faith rF- Int+3}
 58916 | Depths:3 | Noticed a caustic shrike
 59231 | Depths:3 | Noticed a caustic shrike
 59234 | Depths:3 | Noticed a juggernaut
 59244 | Depths:3 | Killed a caustic shrike
 59254 | Depths:3 | Killed a juggernaut
 59511 | Depths:3 | Killed a caustic shrike
 60538 | Depths:3 | Received a gift from Trog
 60608 | Depths:3 | Acquired the +2 hat of Integrity {Dex+2}
 60893 | Depths:4 | Entered Level 4 of the Depths
 61349 | Depths:4 | Noticed a juggernaut
 61364 | Depths:3 | Killed a juggernaut
 61491 | Depths:4 | Found a one-way gateway to a ziggurat.
 62374 | Depths:4 | Received a gift from Trog
 62719 | Depths:4 | Reached XP level 24. HP: 222/245 MP: 22/22
 63537 | Depths:4 | Found a gate to the Realm of Zot.
 63986 | Depths:4 | Found Siddureu's Book Shoppe.
 63986 | Depths:4 | Found Bivonam's Jewellery Shop.
 63987 | Depths:4 | Found Pirph's Book Shoppe.
 64577 | Vaults:5 | Entered Level 5 of the Vaults
 64673 | Vaults:5 | Received a gift from Trog
 65568 | Vaults:5 | Reached skill level 27 in Fighting
 65683 | Vaults:5 | Reached skill level 27 in Armour
 65922 | Vaults:5 | Identified the staff "Laugocux" {rF+ Conj}
 65932 | Vaults:5 | Received a gift from Trog
 66422 | Vaults:5 | Identified the ring of Usaeloiv {Fly rElec rCorr Str+3}
 66601 | Vaults:5 | Got a silver rune of Zot
 66795 | Vaults:5 | Identified the +2 leather armour of the Unbroken {+Blink
                  | rF+ rN+ Int-3}
 67905 | Slime:1  | Entered Level 1 of the Pits of Slime
 67924 | Slime:1  | Gained mutation: Your spells are a little easier to cast,
                  | but a little less powerful. [a shining eye]
 67928 | Slime:1  | Gained mutation: You occasionally shout uncontrollably at
                  | your foes. [a shining eye]
 68862 | Slime:1  | Reached XP level 25. HP: 236/257 MP: 22/22
 69089 | Slime:2  | Received a gift from Trog
 69956 | Slime:3  | Noticed Dissolution
 70106 | Slime:3  | Killed Dissolution
 70567 | Slime:4  | Gained mutation: You occasionally lose the ability to drink
                  | potions when taking damage. [a shining eye]
 70780 | Slime:4  | Received a gift from Trog
 71155 | Slime:5  | Entered Level 5 of the Pits of Slime
 71270 | Slime:5  | Noticed the Royal Jelly
 71283 | Slime:5  | Gained mutation: You occasionally lose the ability to read
                  | scrolls when taking damage. [a shining eye]
 71285 | Slime:5  | Gained mutation: Your body sometimes deteriorates upon
                  | taking damage. [a shining eye]
 71290 | Slime:4  | Lost mutation: You occasionally shout uncontrollably at
                  | your foes. [potion of mutation]
 71290 | Slime:4  | Lost mutation: You occasionally lose the ability to drink
                  | potions when taking damage. [potion of mutation]
 71290 | Slime:4  | Lost mutation: Your spells are a little easier to cast, but
                  | a little less powerful. [potion of mutation]
 71290 | Slime:4  | Gained mutation: Your mind is acute. (Int +4, Str/Dex -1)
                  | [potion of mutation]
 71291 | Slime:4  | Lost mutation: You occasionally lose the ability to read
                  | scrolls when taking damage. [potion of mutation]
 71291 | Slime:4  | Lost mutation: Your mind is acute. (Int +4, Str/Dex -1)
                  | [potion of mutation]
 71291 | Slime:4  | Lost mutation: Your body sometimes deteriorates upon taking
                  | damage. [potion of mutation]
 71291 | Slime:4  | Gained mutation: You have a pair of large horns on your
                  | head. [potion of mutation]
 71291 | Slime:4  | Gained mutation: You have large cloven feet. [potion of
                  | mutation]
 71291 | Slime:4  | Gained mutation: Your movements are slightly less
                  | encumbered by armour. (ER -2) [potion of mutation]
 71302 | Slime:5  | Killed the Royal Jelly
 71531 | Slime:5  | Paralysed by a formless jellyfish for 1 turns
 71855 | Slime:5  | Identified the +6 falchion "Ragonalu" {holy, Will+}
 71889 | Slime:5  | Identified the +0 pair of gloves "Noem" {Harm Fly Int-3
                  | SInv}
 71961 | Slime:5  | Identified the ring of Veegooxe {Ice +Blink}
 71966 | Slime:5  | Got a slimy rune of Zot
 71969 | Slime:5  | Identified the ring "Lodadynt" {Str+2 SInv}
 71993 | Slime:5  | Gained mutation: You are vulnerable to cold. (rC-) [a
                  | shining eye]
 71999 | Slime:5  | Gained mutation: Your health recovers twice as slowly from
                  | being drained. [a shining eye]
 72032 | Slime:4  | Lost mutation: You have a pair of large horns on your head.
                  | [potion of mutation]
 72032 | Slime:4  | Lost mutation: Your health recovers twice as slowly from
                  | being drained. [potion of mutation]
 72032 | Slime:4  | Lost mutation: Your movements are slightly less encumbered
                  | by armour. (ER -2) [potion of mutation]
 72032 | Slime:4  | Gained mutation: Your magical capacity is low. (-10% MP)
                  | [potion of mutation]
 72032 | Slime:4  | Gained mutation: You are robust. (+10% HP) [potion of
                  | mutation]
 72033 | Slime:4  | Lost mutation: You are robust. (+10% HP) [potion of
                  | mutation]
 72033 | Slime:4  | Lost mutation: You are vulnerable to cold. (rC-) [potion of
                  | mutation]
 72033 | Slime:4  | Gained mutation: You are agile. (Dex +4, Str/Int -1)
                  | [potion of mutation]
 72033 | Slime:4  | Gained mutation: You are very agile. (Dex +8, Str/Int -2)
                  | [potion of mutation]
 72520 | Zot:1    | Entered Level 1 of the Realm of Zot
 72665 | Zot:1    | Noticed an orb of fire
 73017 | Zot:1    | Killed an orb of fire
 73909 | Zot:1    | Noticed an orb of fire
 73922 | Zot:1    | Gained mutation: You do not regenerate when monsters are
                  | visible. [an orb of fire]
 73924 | Zot:1    | Gained mutation: You occasionally lose the ability to read
                  | scrolls when taking damage. [an orb of fire]
 73928 | Zot:1    | Killed an orb of fire
 73929 | Zot:1    | Reached skill level 27 in Shields
 73960 | Zot:1    | Reached skill level 1 in Maces & Flails
 74000 | Zot:1    | Received a gift from Trog
 74423 | Zot:1    | Noticed a Killer Klown
 74431 | Zot:1    | Killed a Killer Klown
 74612 | Zot:1    | Noticed an orb of fire
 74625 | Zot:1    | Gained mutation: Your magical capacity is very low. (-20%
                  | MP) [an orb of fire]
 74626 | Zot:1    | Lost mutation: You occasionally lose the ability to read
                  | scrolls when taking damage. [an orb of fire]
 74628 | Zot:1    | Noticed a Killer Klown
 74629 | Zot:1    | Gained mutation: You occasionally lose the ability to drink
                  | potions when taking damage. [an orb of fire]
 74633 | Zot:1    | Killed an orb of fire
 74651 | Zot:1    | Killed a Killer Klown
 75155 | Zot:1    | Noticed an orb of fire
 75171 | Zot:1    | Gained mutation: You sometimes lose your temper in combat.
                  | [an orb of fire]
 75179 | Zot:1    | Gained mutation: Your health recovers twice as slowly from
                  | being drained. [an orb of fire]
 75180 | Zot:1    | Killed an orb of fire
 75205 | Zot:1    | Lost mutation: You occasionally lose the ability to drink
                  | potions when taking damage. [potion of mutation]
 75205 | Zot:1    | Lost mutation: You sometimes lose your temper in combat.
                  | [potion of mutation]
 75205 | Zot:1    | Lost mutation: You have large cloven feet. [potion of
                  | mutation]
 75227 | Zot:1    | Noticed an ancient lich
 75245 | Zot:1    | Killed an ancient lich
 75260 | Zot:1    | Reached XP level 26. HP: 203/266 MP: 17/17
 75613 | Zot:1    | Found a stormy altar of Qazlal.
 75644 | Zot:1    | Identified the +1 spear of the Present {freeze, Will- Dex+8
                  | SInv}
 76961 | Snake:2  | Bought a scroll of enchant weapon for 120 gold pieces
 76961 | Snake:2  | Bought a scroll of enchant weapon for 120 gold pieces
 78139 | Zot:2    | Identified the +6 war axe "Yceibuq" {flame, rF+ Str+3}
                  | (Trog gifted it to you on level 2 of the Realm of Zot)
 78139 | Zot:2    | Received a gift from Trog
 79332 | Zot:2    | Found the +9 staff of Olgreb {rPois∞}
 79344 | Zot:2    | Identified the +5 scale mail "Ifuitex" {Harm rF- rCorr
                  | Str+4}
 79366 | Zot:2    | Identified the staff of Koetuchu {Fly SInv Stlth+ Conj
                  | Alchemy}
 79844 | Zot:2    | Received a gift from Trog
 82836 | Zot:4    | Reached XP level 27. HP: 116/273 MP: 17/17
 83313 | Zot:4    | Noticed an ancient lich
 83313 | Zot:4    | Noticed an orb of fire
 83332 | Zot:4    | Identified the amulet "Uburevapp" {RegenMP ^Fragile rC+
                  | rCorr Stlth+}
 83344 | Zot:4    | Found a transporter.
 83367 | Zot:4    | Found a transporter.
 83607 | Zot:5    | Entered Level 5 of the Realm of Zot
 83756 | Zot:4    | Acquired a +2 hat of willpower
 83898 | Zot:5    | Received a gift from Trog
 84157 | Zot:5    | Found a transporter.
 84160 | Zot:5    | Noticed Livid's ghost (legendary GnAr)
 84386 | Zot:5    | Found a bloodstained altar of Trog.
 84395 | Zot:5    | Identified the +0 cloak of the Falcon {Str+2}
 84396 | Zot:5    | Identified the +2 cloak of the Vaults {Harm Will+ Dex-4}
 84544 | Zot:5    | Found a transporter.
 85256 | Zot:5    | Noticed an orb of fire
 85258 | Zot:5    | Gained mutation: Your body sometimes deteriorates upon
                  | taking damage. [an orb of fire]
 85259 | Zot:5    | Noticed an orb of fire
 85271 | Zot:5    | Gained mutation: You have hidden genetic defects. [an orb
                  | of fire]
 85304 | Zot:5    | Killed an orb of fire
 85310 | Zot:5    | Gained mutation: You are frail. (-10% HP) [an orb of fire]
 85312 | Zot:5    | Gained mutation: Your magical capacity is extremely low.
                  | (-30% MP) [an orb of fire]
 85317 | Zot:5    | Killed an orb of fire
 85321 | Zot:5    | Lost mutation: Your magical capacity is extremely low.
                  | (-30% MP) [potion of mutation]
 85321 | Zot:5    | Lost mutation: You are very agile. (Dex +8, Str/Int -2)
                  | [potion of mutation]
 85321 | Zot:5    | Lost mutation: Your body sometimes deteriorates upon taking
                  | damage. [potion of mutation]
 86755 | Zot:5    | Noticed an orb of fire
 86766 | Zot:5    | Gained mutation: You occasionally shout uncontrollably at
                  | your foes. [an orb of fire]
 86773 | Zot:5    | Killed an orb of fire
 87214 | Zot:5    | Noticed an orb of fire
 87218 | Zot:5    | Killed an orb of fire
 87250 | Zot:5    | Noticed an orb of fire
 87263 | Zot:5    | Gained mutation: Armour fits poorly on your strangely
                  | shaped body. [an orb of fire]
 87266 | Zot:5    | Gained mutation: You are very frail. (-20% HP) [an orb of
                  | fire]
 87269 | Zot:5    | Gained mutation: Your spells are a little easier to cast,
                  | but a little less powerful. [an orb of fire]
 87271 | Zot:5    | Gained mutation: You are weak. (Str -2) [an orb of fire]
 87274 | Zot:5    | Killed an orb of fire
 87287 | Zot:5    | Gained mutation: You sometimes lose your temper in combat.
                  | [hidden defects]
 87290 | Zot:5    | Lost mutation: You are weak. (Str -2) [potion of mutation]
 87290 | Zot:5    | Lost mutation: You sometimes lose your temper in combat.
                  | [potion of mutation]
 87290 | Zot:5    | Lost mutation: Armour fits poorly on your strangely shaped
                  | body. [potion of mutation]
 87290 | Zot:5    | Lost mutation: You are very frail. (-20% HP) [potion of
                  | mutation]
 87297 | Zot:5    | Got the Orb of Zot
 87644 | Depths:1 | Received a gift from Trog
 87950 | D:$      | Escaped with the Orb!

Illustrated notes

Levels and vault maps discovered:
D:1:      dpeg_arrival_stonehenge_8_columns, layout_basic,
          shapermc_ecumenical_altar_petra, minmay_tetromino_t2
D:2:      layout_basic, minmay_misc_feat_ornament, uniq_crazy_yiuf_cottage
D:3:      layout_basic, marbit_many_paths, kennysheep_generic_room_10,
          uniq_terence, uniq_robin
D:4:      layout_loops_corners, vehumet_crystals, fedhas_altar_fruit_tree,
          kennysheep_mini, nicolae_ossuary_entry_plus
D:5:      layout_cave_pools, minmay_temple_entry_junction_2, st_stairs_2,
          uniq_sigmund
D:6:      kennysheep_big_flooded_room, layout_gridville,
          pdpol_wu_jian_five_deadly_venoms
D:7:      layout_loops_ring, nicolae_overflow_hidden_temple
D:8:      layout_rooms, minivault_25, minmay_between
D:9:      erik_cavepeople, layout_rooms, mainiacjoe_overflow_alcove_2,
          mainiacjoe_overflow_six_doors_small,
          chequers_temple_overflow_statue_of_worship, uniq_maurice
D:10:     layout_irregular_city, serial_shops, nicolae_shop_waterfront
D:11:     layout_loops_cross, erik_lair_orcish_takeover, erik_orc_1,
          uniq_nergalle
D:12:     minmay_the_grid_octo_triangle [minmay_the_grid_octo_teeth,
          minmay_the_grid_octo_prize_square_snowflake,
          minmay_the_grid_octo_focus], layout_grid_maze,
          nrook_guardian_serpent_double
D:13:     layout_roguey, serial_bayou_ford_a
D:14:     layout_loops_corners, hellmonk_vaults_keyhole,
          ebering_dispersal_statue_hall, nicolae_gozag_seed_capital
D:15:     gammafunk_depths_entry_grave, layout_basic, minmay_parallelograms
Temple:   hellmonk_temple_two_chambers
Lair:1:   layout_regular_city
Lair:2:   layout_gridlike, minmay_snake_entry_guardpost_small, minmay_holes,
          st_stairs_7, grunt_forest_stairs_clearing
Lair:3:   layout_chaotic_city, alex1729_swamp_entry_worm_eleionoma,
          beast_lair_carwin_9
Lair:4:   layout_gridlike, slime_entry_1, minmay_lindwurm_lava,
          lemuel_fruit_tree
Lair:5:   due_jungle_book, layout_gridlike, nicolae_lair_run_with_the_wolves
Swamp:1:  regret_index_all_hallows'_manor, layout_basic_swamp, basic_altar,
          swamp_pool_5
Swamp:2:  nicolae_swamp_secret_spriggan_hideout, layout_basic_swamp,
          nicolae_swamp_small_spring, swamp_pool_3, nicolae_swamp_bean_lake,
          infiniplex_staircase_pool_2
Swamp:3:  layout_basic_swamp, evilmike_swamp_ruin_house_2, swamp_pool_1_2
Swamp:4:  nzn_swamp_witches_coven, layout_basic_swamp
Snake:1:  kennysheep_six_static_rooms, layout_chambers,
          hangedman_snake_corridor_split
Snake:2:  layout_honeycomb, serial_shops, shop,
          nicolae_snake_guarding_the_ruins, minmay_shoptagon, uniq_aizul
Snake:3:  layout_layer_cave
Snake:4:  snake_pit_salamanders_mu, layout_rooms, uniq_agnes, uniq_vashnia
Slime:1:  layout_caves, cheibrodos_slime_lost_civilization_7
Slime:2:  layout_caves
Slime:3:  layout_caves, uniq_dissolution
Slime:4:  nicolae_slime_pool, layout_caves
Slime:5:  slime_pit_nicolae_jellycorners
Orc:1:    layout_diamond_mine
Orc:2:    st_orc_ogre_mass, layout_caves
Elf:1:    eino_elf_arrival_sip, layout_geoelf_octagon, serial_shops, shop,
          minmay_elf_crystal_hexagon, uniq_azrael
Elf:2:    nicolae_elf_blades_splatter_lattice [infiniplex_blade_entry_pillars],
          layout_loops_cross, ebering_ghost_gozag
Elf:3:    grunt_elf_hall_diamonds, layout_rooms
Vaults:1: v_misc_3, nicolae_vaults_closet_pinwheel_4,
          nicolae_vaults_crenellated_ambush, nicolae_vaults_house_1,
          ontoclasm_vaults_ligature, vaults_standard_mumra_x,
          ontoclasm_vaults_ring_large, hangedman_vaults_stream,
          nicolae_vaults_trapezoid_1, hangedman_vaults_snaps, v_pattern_3,
          vaults_room_large_hall, layout_vaults_ring, serial_shops, shop
Vaults:2: nicolae_vaults_tangram_1, nicolae_vaults_diagonal_hallway_8,
          ontoclasm_vaults_chip, hangedman_vaults_corner_blocks,
          nicolae_vaults_trapezoid_lopsided_2, ontoclasm_vaults_tryst,
          ontoclasm_vaults_ring_small, vaults_room_boxed,
          nicolae_vaults_sightless_eye, hangedman_vaults_restitches,
          nicolae_vaults_double_plus_2, vaults_room_glass_cross, v_misc_27,
          hangedman_vaults_nails, nicolae_vaults_double_plus_2,
          layout_vaults_maze_snakey, uniq_nikola, uniq_margery, uniq_mennas
Vaults:3: hangedman_vaults_restitches, nicolae_vaults_tetromino_T_1,
          nicolae_vaults_trapezoid_layered, nicolae_vaults_house_2,
          minmay_crypt_entry_simple_box, vaults_room_stairs_pillars,
          layout_vaults_omnigrid
Vaults:4: v_misc_30, nicolae_vaults_offset_grid_hallway_3,
          vaults_mumra_chevron_long, nicolae_vaults_big_angled_halls,
          vaults_room_ringed_pool, v_pattern_4, v_misc_27, v_misc_17,
          nicolae_vaults_house_2, vaults_room_guarded_vault,
          ontoclasm_vaults_twist, layout_vaults_big_room
Vaults:5
Crypt:1:  layout_catacombs, grunt_crypt_arrival_webbed,
          roderic_lattice_octagonal_star, grunt_megastairs_5, uniq_bai_suzhen
Crypt:2:  layout_regular_city, grunt_ministairs_10, nicolae_crypt_small_crypt,
          uniq_sojobo
Crypt:3:  due_elkab, layout_chaotic_city, tomb_entry_forgotten_bobbens,
          minivault_19, grunt_ministairs_2
Depths:1: nicolae_moon_pools, layout_cave_pools, grunt_pan_entry_in_and_out,
          hell_entry, serial_shops, nicolae_shop_crystal, xom_teletrap_fun,
          grunt_decor_resistance, small_chamber_with_monster,
          chequers_serial_rivers_marsh, monkooky_shop_alliterative
Depths:2: cross_vault, layout_honeycomb, grunt_hell_horde, abyss_entry,
          grunt_pan_entry_sceptre, nicolae_ashenzari_skybound,
          kennysheep_generic_room_3
Depths:3: minmay_chopped_fan, layout_cave_pools, abyss_entry,
          pf_hell_entry_great_geh, serial_bayou_crossing
Depths:4: lemuel_castle_with_subvaults [lemuel_castle_interior_carwin_1],
          layout_gridville, enter_ziggurat_c, nrook_campfire, hell_entry,
          nicolae_abyss_entry_one_way_or_another, minmay_shop_grove
Zot:1:    regret_index_qazlal_generations, layout_gridlike,
          hangedman_player_shredder
Zot:2:    hangedman_zot_vaults_quadrants, layout_cathedral_of_symmetry
Zot:3:    layout_misc_corridors, grunt_ministairs_12, lemuel_baited_zot_trap,
          hangedman_swamp_dais
Zot:4:    gammafunk_the_bubble [the_bubble_gammafunk_grid],
          layout_misc_corridors
Zot:5:    layout_basic, gammafunk_ghost_wrathful_warriors,
          regret_index_zotdec_carving_tricks, st_stairs_6

Skill      XL: |  1  2  3  4  5  6  7  8  9 10 11 12 13 14 15 16 17 18 19 20 21 22 23 24 25 26 27 |
---------------+----------------------------------------------------------------------------------+-----
Axes           | 4 5 6 8 9 10 11 13 14 15 17 18 20 22 | 22.0
Fighting       | 4 5 6 7 8 9 11 13 15 16 18 20 21 23 24 26 27 | 27.0
Armour         | 6 9 11 12 14 16 19 20 22 25 27 | 27.0
Dodging        | 4 7 8 10 12 15 | 15.0
Shields        | 6 10 11 16 19 20 22 23 27 | 27.0
Throwing       | 7 10 12 13 15 16 21 24 | 24.4
Maces & Flails | 1 |  1.1

Action                     |  1- 3 |  4- 6 |  7- 9 | 10-12 | 13-15 | 16-18 | 19-21 | 22-24 | 25-27 || total
---------------------------+-------+-------+-------+-------+-------+-------+-------+-------+-------++-------
  Melee: Hand axe          |    64 |   138 |   193 |       |       |       |       |       |       ||   395
         Headbutt          |     6 |    23 |    59 |   134 |   305 |   477 |   602 |   614 |   571 ||  2791
         Punch             |       |       |     3 |       |       |       |       |       |       ||     3
         War axe           |       |       |    51 |   576 |   164 |       |       |       |       ||   791
         Spear             |       |       |       |    19 |     3 |    37 |       |       |       ||    59
         Broad axe         |       |       |       |       |   934 |  1512 |  1769 |  1838 |  1592 ||  7645
         Trishula          |       |       |       |       |       |       |    30 |       |       ||    30
  Throw: Dart              |       |       |     3 |    16 |    18 |    16 |       |       |       ||    53
         Boomerang         |       |       |       |     7 |    30 |   118 |    30 |    54 |   106 ||   345
         Javelin           |       |       |       |       |     2 |       |     5 |     9 |    14 ||    30
 Invoke: Berserk           |     1 |     2 |     4 |    12 |     3 |     3 |     6 |     2 |     2 ||    35
         Trog's Hand       |       |       |       |     5 |     5 |     8 |     8 |     4 |     2 ||    32
         Brothers in Arms  |       |       |       |       |       |       |     3 |       |     1 ||     4
  Evoke: Wand              |       |       |       |     3 |     4 |    15 |       |    11 |     3 ||    36
         Box of beasts     |       |       |       |       |       |       |       |     1 |       ||     1
    Use: Scroll            |       |       |     8 |     5 |    15 |     8 |    10 |     7 |    14 ||    67
         Potion            |       |       |       |     4 |     4 |     2 |     6 |     5 |    31 ||    52
   Stab: Sleeping          |       |     3 |       |       |       |       |       |       |       ||     3
 Armour: Animal skin       |    29 |    33 |       |       |       |       |       |       |       ||    62
         Scale mail        |       |    47 |   152 |   300 |   535 |     6 |       |       |       ||  1040
         Chain mail        |       |       |       |       |       |   583 |   112 |       |       ||   695
         Gold dragon scale |       |       |       |       |       |       |   433 |   818 |   780 ||  2031
  Dodge: Dodged            |    46 |    59 |   132 |   297 |   450 |   453 |   278 |   314 |   319 ||  2348
  Block: Kite shield       |       |       |       |   241 |   655 |   729 |       |       |       ||  1625
         Tower shield      |       |       |       |       |       |   669 |  1888 |  2339 |  2303 ||  7199
         Reflection        |       |       |       |       |       |    72 |    74 |    64 |    42 ||   252
